[Event "Titled Tuesday Blitz August 09 Late 2022"]
[White "Vasquez Schroeder, Rodrigo"]
[Black "Korchmar, Vasiliy"]
[WhiteFideId "3400042"]
[BlackFideId "24131750"]
[WhiteElo "2567"]
[BlackElo "2370"]
[Result "1-0"]
[Round "03"]
[TimeControl "180+1"]
[Date "2022.08.09"]
[WhiteClock "0:00:09"]
[BlackClock "0:00:01"]

1. e4 c5 2. Nf3 d6 3. d4 cxd4 4. Nxd4 Nf6 5. Nc3 Nc6 6. Bg5 Bd7 7. Qd2 a6 8. O-O-O e6 9. f4 Be7 10. Nf3 b5 11. Bxf6 gxf6 12. Kb1 Qb6 13. g3 O-O-O 14. f5 Kb8 15. Ne2 Ne5 16. Ned4 Nxf3 17. Nxf3 e5 18. Bd3 Bc6 19. Qe2 Qb7 20. Rhe1 d5 21. exd5 Bxd5 22. Nd2 Rd7 23. Be4 Rhd8 24. Kc1 Bb4 25. c3 Bf8 26. Bxd5 Rxd5 27. Ne4 Bh6+ 28. Kc2 Rxd1 29. Rxd1 Rxd1 30. Kxd1 Qd7+ 31. Ke1 Qxf5 32. Nc5 Bf8 33. Nxa6+ Ka7 34. Nc7 Kb6 35. Nxb5 Qb1+ 36. Kf2 Bc5+ 37. Kg2 Qxa2 38. c4 Qa8+ 39. Qf3 Qd8 40. Nc3 Qd2+ 41. Kh3 Qd7+ 42. g4 Ka5 43. Nd5 h5 44. Nxf6 hxg4+ 45. Nxg4 Qd4 46. Qc3+ Qxc3+ 47. bxc3 e4 48. Kg3 Ka4 49. Kf4 Kb3 50. Kxe4 Kxc4 51. Ne5+ Kxc3 52. Nxf7 Bf8 53. h4 Kc4 54. h5 Kc5 55. Kf5 Kc6 56. Ke6 Bg7 57. Nd6 Bh6 58. Nf5 Bf8 59. Kf7 Ba3 60. h6 Bb2 61. h7 Bh8 62. Ng7 1-0


[Site "https://www.chess.com"]

[Event "Titled Tuesday Blitz August 09 Late 2022"]
[White "Wagner, Dennis"]
[Black "Demchenko, Anton"]
[WhiteFideId "24650684"]
[BlackFideId "4160258"]
[WhiteElo "2355"]
[BlackElo "2539"]
[Result "0-1"]
[Round "03"]
[TimeControl "180+1"]
[Date "2022.08.09"]
[WhiteClock "0:00:04"]
[BlackClock "0:00:04"]

1. e4 e5 2. Nf3 Nc6 3. Bb5 a6 4. Ba4 Nge7 5. c3 Ng6 6. O-O d6 7. d4 Bd7 8. Be3 Be7 9. Nbd2 O-O 10. Re1 b5 11. Bc2 exd4 12. cxd4 Nb4 13. Bb1 c5 14. a3 Nc6 15. d5 Nce5 16. Nxe5 Nxe5 17. h3 g5 18. b3 Bf6 19. Ra2 Ng6 20. Nf1 Be5 21. Ng3 Nf4 22. Qf3 Qf6 23. Nh5 Qh6 24. Ng3 Rae8 25. Rd1 Qg7 26. Nf5 Bxf5 27. exf5 h5 28. Bxf4 Bxf4 29. Qxh5 Qf6 30. g3 Be5 31. Kg2 Kg7 32. h4 g4 33. Qxg4+ Kh8 34. Qh5+ Kg7 35. Re2 Rh8 36. Qg4+ Kf8 37. Rde1 Rc8 38. a4 Rg8 39. Qe4 c4 40. axb5 axb5 41. Rc2 c3 42. Rd1 b4 43. Qxb4 Qh6 44. Kh3 Qh5 45. Re1 Qf3 46. Qe4 Rxg3+ 47. Kh2 Rh3+ 48. Kg1 Rh1# 0-1


[Site "https://www.chess.com"]

[Event "Titled Tuesday Blitz August 09 Late 2022"]
[White "Yanchenko, Roman"]
[Black "Karimov, Alisher"]
[WhiteFideId "4137329"]
[BlackFideId "14700280"]
[WhiteElo "2514"]
[BlackElo "2186"]
[Result "1-0"]
[Round "03"]
[TimeControl "180+1"]
[Date "2022.08.09"]
[WhiteClock "0:01:09"]
[BlackClock "0:00:05"]

1. d4 Nf6 2. c4 e6 3. Nf3 b6 4. Nc3 Bb4 5. e3 Bb7 6. Bd3 O-O 7. O-O Re8 8. Bd2 d6 9. a3 Bxc3 10. Bxc3 Ne4 11. Bxe4 Bxe4 12. d5 e5 13. Nd2 Bg6 14. f4 exf4 15. exf4 Bd3 16. Qg4 f6 17. Rfe1 Nd7 18. Re6 Bg6 19. Rae1 Nf8 20. f5 Bf7 21. Ne4 Nd7 22. Bxf6 Nxf6 23. Nxf6+ Qxf6 24. Rxf6 Rxe1+ 25. Kf2 Rae8 26. Re6 Bxe6 27. dxe6 Re5 28. f6 g5 29. f7+ Kf8 30. fxe8=Q+ Kxe8 31. Qh5+ Ke7 32. Qf7+ 1-0


[Site "https://www.chess.com"]

[Event "Titled Tuesday Blitz August 09 Late 2022"]
[White "Zhigalko, Sergei"]
[Black "Di Nicolantonio, Lucas"]
[WhiteFideId "13502956"]
[BlackFideId "680460"]
[WhiteElo "2662"]
[BlackElo "2381"]
[Result "1-0"]
[Round "03"]
[TimeControl "180+1"]
[Date "2022.08.09"]
[WhiteClock "0:00:03"]
[BlackClock "0:00:07"]

1. e4 g6 2. d4 Bg7 3. Nc3 d6 4. Nf3 a6 5. Be3 b5 6. a4 b4 7. Ne2 Bb7 8. Ng3 Nd7 9. a5 c5 10. c3 bxc3 11. bxc3 Qc7 12. Bd3 Ngf6 13. O-O h5 14. Bg5 Nh7 15. Be3 Nhf6 16. Bg5 Nh7 17. Bh4 Bh6 18. Re1 g5 19. Nf5 gxh4 20. Nxh6 e6 21. Nxh4 Nhf6 22. Qd2 Ng4 23. Nxg4 hxg4 24. Qg5 Qd8 25. Qxd8+ Kxd8 26. g3 Kc7 27. Rab1 Bc6 28. Ng2 Rhb8 29. Ne3 Bb5 30. c4 Ba4 31. d5 Ne5 32. Be2 Rb4 33. Nxg4 Bc2 34. Rbc1 Bxe4 35. Nxe5 dxe5 36. Bf1 exd5 37. cxd5 Kd6 38. Rc3 Rab8 39. Bxa6 Rb1 40. Re3 Bxd5 41. Rxe5 Rxe1+ 42. Rxe1 Ra8 43. Bf1 Rxa5 44. Rd1 Kc6 45. Rc1 Kd6 46. h4 Ra3 47. Bg2 Bxg2 48. Kxg2 Kc6 49. h5 Kb5 50. h6 Ra8 51. Kf3 Rh8 52. Rh1 c4 53. Kf4 c3 54. g4 Kc4 55. Kf5 c2 56. g5 Kd3 57. Kf6 Kd2 58. Kxf7 c1=Q 59. Rxc1 Kxc1 60. Kg7 Rb8 61. h7 Kd2 62. h8=Q 1-0


[Site "https://www.chess.com"]

[Event "Titled Tuesday Blitz August 09 Late 2022"]
[White "Adewumi, Tanitoluwa"]
[Black "Sorkin, Igor"]
[WhiteFideId "30966396"]
[BlackFideId "2803283"]
[WhiteElo "2518"]
[BlackElo "2401"]
[Result "0-1"]
[Round "04"]
[TimeControl "180+1"]
[Date "2022.08.09"]
[WhiteClock "0:00:05"]
[BlackClock "0:00:32"]

1. e4 c5 2. Nf3 e6 3. c3 Nf6 4. e5 Nd5 5. Bc4 d6 6. d4 Nc6 7. O-O cxd4 8. cxd4 Nb6 9. Bd3 dxe5 10. dxe5 Nb4 11. Be4 Qxd1 12. Rxd1 Bd7 13. Bxb7 Nc2 14. Bxa8 Nxa8 15. Ne1 Nxa1 16. Nc3 Bc5 17. Bf4 Ke7 18. Rxa1 Rb8 19. Nd3 Bd4 20. Rc1 Nb6 21. b3 h6 22. Ne4 Nd5 23. Bd2 Bb5 24. Nb4 Bxe5 25. Nxd5+ exd5 26. Bb4+ Ke6 27. Nc5+ Kf5 28. Re1 Rc8 29. h3 Bf6 30. g4+ Kg6 31. a4 Bc6 32. Nd3 Kh7 33. Be7 Bc3 34. Re2 d4 35. Bd6 Bd5 36. Nc5 Rc6 37. Be7 f6 38. Nd3 Bxb3 39. Bf8 Rc7 40. Re7 Rxe7 41. Bxe7 Bxa4 42. Bc5 Bb5 43. Nb4 a5 44. Nc2 d3 45. Ne3 d2 46. Nd1 Bb4 47. Be3 Be2 48. Nb2 d1=Q+ 49. Nxd1 Bxd1 50. Kg2 a4 51. Bd4 a3 52. f3 Bd2 53. Kf2 Kg6 54. h4 Kf7 55. h5 Ke6 56. Bc5 a2 57. Bd4 Kd5 58. Ba1 Kc4 59. f4 Bc3 60. Bxc3 Kxc3 61. Ke1 0-1


[Site "https://www.chess.com"]

[Event "Titled Tuesday Blitz August 09 Late 2022"]
[White "Alekseenko, Kirill"]
[Black "Sarana, Alexey"]
[WhiteFideId "4135539"]
[BlackFideId "24133795"]
[WhiteElo "2682"]
[BlackElo "2666"]
[Result "0-1"]
[Round "04"]
[TimeControl "180+1"]
[Date "2022.08.09"]
[WhiteClock "0:00:03"]
[BlackClock "0:00:03"]

1. f4 d5 2. Nf3 Nf6 3. g3 Nc6 4. Bg2 Qd6 5. d4 Bf5 6. O-O h5 7. h3 e6 8. c3 Be7 9. Nbd2 Ne4 10. Qe1 O-O-O 11. Ne5 Nxe5 12. fxe5 Qb6 13. Nxe4 dxe4 14. b4 Bxb4 15. Bg5 Ba5 16. Bxd8 Rxd8 17. e3 Qb2 18. Rc1 Qxa2 19. Ra1 Qd5 20. Qd2 Bb6 21. Qe2 c5 22. Qxh5 Bg6 23. Qe2 Kb8 24. Qb2 Rc8 25. Rfd1 cxd4 26. cxd4 f5 27. Bf1 Be8 28. Rdc1 Bc6 29. Bc4 Qd7 30. Qb3 Re8 31. Rab1 g5 32. Bb5 f4 33. Bxc6 bxc6 34. Qc2 fxe3 35. Qxe4 Kc7 36. Kh2 Rf8 37. Rb2 Bxd4 38. Rbc2 Rf2+ 39. Rxf2 exf2 40. Kg2 c5 41. Rb1 Qd5 42. Qxd5 exd5 43. h4 gxh4 44. gxh4 c4 45. h5 c3 46. Rd1 Be3 47. Rf1 c2 48. e6 Kd6 0-1


[Site "https://www.chess.com"]

[Event "Titled Tuesday Blitz August 09 Late 2022"]
[White "Amburgy, Ryan"]
[Black "Sadilek, Peter"]
[WhiteFideId "30924820"]
[BlackFideId "1616439"]
[WhiteElo "2066"]
[BlackElo "2145"]
[Result "1-0"]
[Round "04"]
[TimeControl "180+1"]
[Date "2022.08.09"]
[WhiteClock "0:00:19"]
[BlackClock "0:00:01"]

1. d4 d5 2. Nc3 e6 3. Bf4 Bd6 4. e3 Nf6 5. Nf3 O-O 6. Bd3 b6 7. O-O Ba6 8. Ne5 Bxd3 9. cxd3 c5 10. Rc1 cxd4 11. exd4 Bxe5 12. dxe5 Ne8 13. Nb5 Qd7 14. Qb3 Nc6 15. Rfe1 h6 16. h3 a6 17. Nd6 Nxd6 18. exd6 Rfc8 19. Qxb6 Rab8 20. Qxa6 Nb4 21. Qa5 Nxd3 22. Rc7 Rxc7 23. dxc7 Rc8 24. Bg3 Nxe1 25. Qxe1 d4 26. Qd1 f6 27. b4 e5 28. f4 Qxc7 29. fxe5 Qc1 30. Qxc1 Rxc1+ 31. Kf2 fxe5 32. Bxe5 Rc2+ 33. Kf3 Rxa2 34. Bxd4 Kf7 35. Bc5 Ke6 36. Bf8 g5 37. g3 h5 38. Bc5 Ra3+ 39. Kg2 Kd5 40. Be7 g4 41. hxg4 hxg4 42. Bf8 Ke4 43. Bd6 Ra2+ 44. Kf1 Ke3 45. Bf4+ Kf3 46. Ke1 Rb2 47. Bd6 Ke3 48. Kf1 Rb1+ 49. Kg2 Rb2+ 50. Kf1 Rb1+ 51. Kg2 Ke2 52. Bc5 Rc1 53. Bd6 Rb1 54. Bc5 Rb3 55. Bd6 Kd3 56. Bf8 Ke4 57. Bc5 Rb2+ 58. Kg1 Kf3 59. Bd6 Rb1+ 60. Kh2 Kf2 61. Bc5+ Kf1 62. Bd6 Rd1 63. Bc5 Rd5 64. Be7 Rh5+ 65. Bh4 Kf2 66. Kh1 1-0


[Site "https://www.chess.com"]

[Event "Titled Tuesday Blitz August 09 Late 2022"]
[White "Andreikin, Dmitry"]
[Black "Djordjevic, Vuk"]
[WhiteFideId "4158814"]
[BlackFideId "902098"]
[WhiteElo "2736"]
[BlackElo "2456"]
[Result "1-0"]
[Round "04"]
[TimeControl "180+1"]
[Date "2022.08.09"]
[WhiteClock "0:00:59"]
[BlackClock "0:00:04"]

1. d4 Nf6 2. c4 e6 3. Nf3 b6 4. Bf4 Bb7 5. e3 d6 6. Nc3 Nbd7 7. h3 g6 8. Be2 Bg7 9. O-O O-O 10. Bh2 Ne4 11. Nxe4 Bxe4 12. Rc1 a5 13. Nd2 Bb7 14. Bf3 Qc8 15. Qa4 Rd8 16. Rfd1 e5 17. dxe5 Nxe5 18. Bxe5 Bxe5 19. b3 Kg7 20. Bc6 Rb8 21. Nf3 Bf6 22. Rd5 Bxc6 23. Qxc6 Qb7 24. Qxb7 Rxb7 25. Rcd1 Re8 26. g4 h6 27. Kg2 Re4 28. Nd2 Re8 29. Kf3 Be5 30. Ke2 Ra7 31. Nf3 Bf6 32. Kd3 a4 33. b4 a3 34. b5 Ra4 35. Rb1 Rc8 36. Rb3 Kf8 37. Nd2 Ke7 38. Ne4 Bg7 39. Ng3 c6 40. bxc6 Rxc6 41. Ne4 Raxc4 42. Rxa3 Ke6 43. Rxd6+ Rxd6+ 44. Nxd6 Rc1 45. Ne4 Be5 46. Ra6 Bc7 47. Ra8 Rh1 48. Rh8 Ke5 49. f4+ Kd5 50. Nc3+ Kd6 51. Rxh6 Ke7 52. Nd5+ Kd6 53. Nxc7 Kxc7 54. Rh7 1-0


[Site "https://www.chess.com"]

[Event "Titled Tuesday Blitz August 09 Late 2022"]
[White "Babazada, Khazar"]
[Black "Naroditsky, Daniel"]
[WhiteFideId "13413554"]
[BlackFideId "2026961"]
[WhiteElo "2409"]
[BlackElo "2628"]
[Result "1/2-1/2"]
[Round "04"]
[TimeControl "180+1"]
[Date "2022.08.09"]
[WhiteClock "0:02:44"]
[BlackClock "0:02:08"]

1. e4 c6 2. d4 d5 3. Nc3 g6 4. Nf3 Bg7 5. h3 dxe4 6. Nxe4 Nf6 7. Nxf6+ exf6 8. Bc4 O-O 9. O-O Nd7 10. c3 b5 11. Bb3 Nb6 12. Bf4 Nd5 13. Bh2 Be6 14. Re1 Qd7 15. Nd2 f5 16. Nf3 f6 17. Re2 Rfe8 18. Ne1 Bf7 19. Nd3 Rxe2 20. Qxe2 Re8 21. Qf1 Bh6 22. Re1 Re7 23. Nc5 Qe8 24. Rxe7 Qxe7 25. a4 1/2-1/2


[Site "https://www.chess.com"]

[Event "Titled Tuesday Blitz August 09 Late 2022"]
[White "Bartholomew, John"]
[Black "Lorenzo De La Riva, Lazaro"]
[WhiteFideId "2019353"]
[BlackFideId "2268809"]
[WhiteElo "2757"]
[BlackElo "2325"]
[Result "1-0"]
[Round "04"]
[TimeControl "180+1"]
[Date "2022.08.09"]
[WhiteClock "0:00:21"]
[BlackClock "0:00:12"]

1. d4 Nf6 2. c4 e6 3. Nf3 b6 4. g3 Ba6 5. Qa4 Bb7 6. Bg2 c5 7. dxc5 bxc5 8. O-O Be7 9. Nc3 O-O 10. Bf4 d6 11. Rfd1 Qb6 12. Qb3 Rd8 13. Rd2 Nc6 14. Rad1 e5 15. Bg5 Qxb3 16. axb3 Na5 17. Bxf6 gxf6 18. Nh4 Bxg2 19. Kxg2 Nxb3 20. Rd3 Bf8 21. Nd5 Nd4 22. e3 Nc6 23. Nxf6+ Kg7 24. Ne4 Rab8 25. Nxd6 Bxd6 26. Rxd6 Rxd6 27. Rxd6 Na5 28. Nf5+ Kg8 29. Rd5 Nxc4 30. Rxc5 Nxb2 31. Rxe5 f6 32. Ra5 Ra8 33. Ra6 Kf7 34. Nd6+ Ke7 35. Nb5 Nc4 36. Rxa7+ Rxa7 37. Nxa7 Kd6 38. Nb5+ Kd5 39. Nc3+ Ke5 40. f4+ Kf5 41. Kf3 Nd2+ 42. Ke2 Nc4 43. h3 h5 44. e4+ Kg6 45. Kd3 Nd6 46. Nd5 Nf7 47. Ne7+ Kg7 48. Kd4 Nd6 49. Nf5+ Nxf5+ 50. exf5 Kf7 51. Kd5 Ke7 52. Kc6 h4 53. gxh4 Kf7 54. Kd7 Kg7 55. Ke6 1-0


[Site "https://www.chess.com"]

[Event "Titled Tuesday Blitz August 09 Late 2022"]
[White "Bilych, Olexiy"]
[Black "Toncheva, Nadya"]
[WhiteFideId "14156504"]
[BlackFideId "2924056"]
[WhiteElo "2157"]
[BlackElo "1888"]
[Result "1-0"]
[Round "04"]
[TimeControl "180+1"]
[Date "2022.08.09"]
[WhiteClock "0:00:22"]
[BlackClock "0:00:05"]

1. e4 c5 2. Nf3 d6 3. d4 cxd4 4. Nxd4 Nf6 5. Nc3 Nc6 6. Bg5 e6 7. Qd3 a6 8. O-O-O Bd7 9. Qg3 Rc8 10. Nxc6 Rxc6 11. Be2 Qa5 12. Bd2 b5 13. a3 b4 14. Na2 Nxe4 15. Qe3 Nxd2 16. Qxd2 d5 17. Nxb4 Rb6 18. Qd4 Bxb4 19. axb4 Rxb4 20. Qxg7 Qa1+ 21. Kd2 Qxb2 22. Qxb2 Rxb2 23. Rb1 Rxb1 24. Rxb1 Ke7 25. Bxa6 Ra8 26. Bd3 Kd6 27. h4 h6 28. Rb6+ Kc5 29. Rb7 Kc6 30. Rb4 Kc5 31. Rg4 Ra1 32. Rg7 Be8 33. Rg8 Bd7 34. Rf8 f5 35. Rf6 Kd4 36. Rxh6 e5 37. Rd6 Bc8 38. Rc6 e4 39. Rxc8 exd3 40. c3+ Ke4 41. Re8+ Kf4 42. Kxd3 Rf1 43. Ke2 Rc1 44. Re3 Rc2+ 45. Ke1 Rc1+ 46. Kd2 Rf1 47. Ke2 Rc1 48. g3+ Kg4 49. Rd3 Rc2+ 50. Kf1 Rc1+ 51. Kg2 Rc2 52. Rd4+ Kh5 53. Rxd5 Kg4 54. Rd4+ Kh5 55. Rf4 Rxc3 56. Rxf5+ Kg6 57. Rf4 Rc5 58. Kh3 Ra5 59. Kg4 Kh6 60. f3 Kg6 61. Rc4 Rd5 62. Rc6+ Kg7 63. h5 Rb5 64. f4 Ra5 65. Kh4 Rd5 66. g4 Rd3 67. Kg5 Rd5+ 68. f5 Rd7 69. h6+ Kh7 70. Rg6 Rd4 71. Rg7+ Kh8 72. Rb7 Rd6 73. Kh5 Rd4 74. g5 Rd1 75. Kg6 Rd6+ 76. f6 Rd8 77. Rh7+ Kg8 78. f7+ Kf8 79. Rh8+ Ke7 80. Rxd8 1-0


[Site "https://www.chess.com"]

[Event "Titled Tuesday Blitz August 09 Late 2022"]
[White "Bortnyk, Olexandr"]
[Black "Livaic, Leon"]
[WhiteFideId "14120828"]
[BlackFideId "14531534"]
[WhiteElo "2723"]
[BlackElo "2540"]
[Result "1/2-1/2"]
[Round "04"]
[TimeControl "180+1"]
[Date "2022.08.09"]
[WhiteClock "0:00:07"]
[BlackClock "0:00:08"]

1. e4 e6 2. d4 d5 3. Nc3 Nf6 4. Bg5 Be7 5. Bxf6 Bxf6 6. Nf3 O-O 7. Bd3 c5 8. dxc5 Bxc3+ 9. bxc3 Qa5 10. O-O Qxc5 11. exd5 Qxd5 12. Rb1 g6 13. Rb5 Qd8 14. Qd2 Nc6 15. Re1 Qf6 16. h4 e5 17. h5 Re8 18. hxg6 hxg6 19. Qe3 Kg7 20. Nxe5 Rxe5 21. Rxe5 Qxe5 22. Qxe5+ Nxe5 23. Rxe5 Be6 24. c4 Rc8 25. Re4 Rc5 26. Rd4 Ra5 27. f4 Rxa2 28. Kf2 a5 29. c5 Ra3 30. Rd6 Rc3 31. Rb6 a4 32. Rxb7 a3 33. Ra7 a2 34. Ke3 Rxc5 35. c4 Rc7 36. Rxa2 Bxc4 37. Bxc4 Rxc4 38. Kf3 Rc3+ 39. Kg4 f5+ 40. Kh4 Kh6 41. Ra8 Rc2 42. Kh3 Rc3+ 43. g3 Rc1 44. Ra6 Kh5 45. Rb6 Rh1+ 46. Kg2 Rc1 47. Ra6 Rc2+ 48. Kh3 Kh6 49. Ra8 Rc1 50. Rh8+ Kg7 51. Rd8 Kh6 52. Rh8+ Kg7 53. Rb8 Kh6 54. Rg8 Kh7 55. Rf8 Kh6 56. Kg2 Rc2+ 57. Kg1 Kg7 58. Rd8 Kh6 59. Rd6 Kh5 60. Kf1 Ra2 61. Re6 Rb2 62. Rf6 Ra2 63. Kg1 Rb2 64. Rc6 Ra2 65. Rd6 Rb2 66. Re6 Ra2 67. Rb6 Rc2 68. Kf1 Rd2 69. Rc6 Ra2 70. Re6 Rb2 71. Kg1 Ra2 72. Kh1 Rb2 73. Ra6 Rc2 74. Kg1 Rb2 75. Kf1 Rc2 76. Rb6 Kg4 77. Rxg6+ Kf3 78. Ke1 Rg2 79. Rg5 Rxg3 80. Rxf5 Rg4 81. Rh5 Ke3 82. Rh3+ Kxf4 83. Kf2 Kf5 84. Rh5+ Rg5 85. Rh8 Rg6 86. Ra8 Ke6 87. Ke3 Rg4 88. Ra6+ Kf5 89. Kf3 Rc4 90. Ra5+ Ke6 91. Ke3 Kd6 92. Kd3 Rg4 93. Ra6+ Kd5 94. Ra5+ Kd6 95. Ra6+ Kd5 96. Ra5+ Kd6 1/2-1/2


[Site "https://www.chess.com"]

[Event "Titled Tuesday Blitz August 09 Late 2022"]
[White "Chigaev, Maksim"]
[Black "Jeet, Jain"]
[WhiteFideId "4108116"]
[BlackFideId "5073022"]
[WhiteElo "2487"]
[BlackElo "2055"]
[Result "1-0"]
[Round "04"]
[TimeControl "180+1"]
[Date "2022.08.09"]
[WhiteClock "0:02:53"]
[BlackClock "0:02:34"]

1. e4 d5 2. exd5 Nf6 3. d4 Bg4 4. Be2 Bxe2 5. Qxe2 Nxd5 6. Nf3 Nc6 7. O-O e6 8. Rd1 Be7 9. c4 Nf6 10. Nc3 O-O 11. h3 Re8 12. Bf4 a6 13. Rac1 Qd7 14. Ne5 Nxe5 15. dxe5 1-0


[Site "https://www.chess.com"]

[Event "Titled Tuesday Blitz August 09 Late 2022"]
[White "Csonka, Balazs"]
[Black "Karimov, Alisher"]
[WhiteFideId "742910"]
[BlackFideId "14700280"]
[WhiteElo "2404"]
[BlackElo "2186"]
[Result "1-0"]
[Round "04"]
[TimeControl "180+1"]
[Date "2022.08.09"]
[WhiteClock "0:00:03"]
[BlackClock "0:00:13"]

1. d4 Nf6 2. c4 e6 3. g3 c5 4. Nf3 a6 5. Bg2 cxd4 6. Nxd4 Qc7 7. Nc3 d6 8. b3 Be7 9. Bb2 O-O 10. O-O Bd7 11. Rc1 Nc6 12. Nd5 Qd8 13. Nxf6+ Bxf6 14. Nxc6 Bxc6 15. Bxf6 gxf6 16. e4 Qa5 17. Qxd6 Qxa2 18. Qd4 Kg7 19. e5 f5 20. Bxc6 bxc6 21. Qe3 h6 22. Rfd1 Rfd8 23. Rd6 Rdb8 24. Rc3 c5 25. Qf3 Ra7 26. g4 Qb1+ 27. Kg2 fxg4 28. Qxg4+ Qg6 29. Qxg6+ Kxg6 30. Rf3 Rab7 31. Rxa6 Rxb3 32. Rxb3 Rxb3 33. Ra5 h5 34. Rxc5 h4 35. h3 Kf5 36. Rc7 Kg6 37. c5 Rb5 38. Kf3 Kf5 39. Rxf7+ Kxe5 40. Rc7 Rb4 41. c6 Kf5 42. Rc8 Rb3+ 43. Ke2 Rc3 44. c7 Ke5 45. Kd2 Rc6 46. Kd3 Kd6 47. Re8 Rxc7 48. Ke3 Ke5 49. Kf3 Rc4 50. Rh8 Kf5 51. Rh6 Kg5 52. Rxe6 Rf4+ 53. Kg2 Rc4 54. Re3 Rb4 55. Rd3 Rc4 56. Rd5+ Kf4 57. Rd8 Kg5 58. Rg8+ Kh5 59. Rh8+ Kg5 60. Re8 Kf5 61. Kf3 Rc3+ 62. Re3 Rc4 63. Ra3 Kg5 64. Ra5+ Kg6 65. Re5 Rc3+ 66. Kg4 Rc4+ 67. f4 Kf6 68. Rf5+ Kg6 69. Rg5+ Kf6 70. Rh5 Rc1 71. Rh6+ Kg7 72. Rxh4 Rg1+ 73. Kf5 Kf7 74. Rg4 Rf1 75. h4 Rh1 76. Kg5 Ra1 77. h5 Ra8 78. f5 Rg8+ 79. Kf4 Rh8 80. Rh4 Kf6 81. h6 Rh7 82. Rh5 Rh8 83. h7 Kg7 84. Kg5 Kf7 85. Kh6 Kf6 86. Rh1 Ra8 87. Rb1 Kf7 88. Rb7+ Kf6 89. Rb6+ Kf7 90. Rb7+ Kf6 91. Rc7 Kxf5 92. Kg7 Ra6 93. h8=Q Rg6+ 94. Kf8 Rg7 95. Rf7+ Rxf7+ 96. Kxf7 Kg5 97. Qf6+ 1-0


[Site "https://www.chess.com"]

[Event "Titled Tuesday Blitz August 09 Late 2022"]
[White "Dounis, Alexandros"]
[Black "Mardov, Dimitar"]
[WhiteFideId "4213238"]
[BlackFideId "30919495"]
[WhiteElo "2204"]
[BlackElo "2185"]
[Result "0-1"]
[Round "04"]
[TimeControl "180+1"]
[Date "2022.08.09"]
[WhiteClock "0:00:14"]
[BlackClock "0:00:27"]

1. Nf3 d5 2. g3 Bg4 3. Bg2 Nd7 4. O-O e6 5. d3 c6 6. c4 Bd6 7. Nc3 Ngf6 8. cxd5 cxd5 9. h3 Bxf3 10. Bxf3 O-O 11. Qb3 Nc5 12. Qd1 Rc8 13. Be3 a6 14. Rc1 Qe7 15. b4 Ncd7 16. a3 Ne5 17. Bg2 Nc6 18. d4 b5 19. Qd3 Nd7 20. Nxd5 exd5 21. Bxd5 Ncb8 22. Bb7 Rxc1 23. Rxc1 Nb6 24. Be4 g6 25. d5 Nc4 26. Bd4 Nd7 27. Bg2 Re8 28. e4 h5 29. f4 h4 30. e5 Ndxe5 31. fxe5 Bxe5 32. gxh4 Qxh4 33. Bf2 Qf4 34. Re1 Rd8 35. Rd1 Nb2 36. Qe2 Nxd1 37. Qxd1 Rc8 38. Qg4 Rc1+ 39. Bf1 Qh2# 0-1


[Site "https://www.chess.com"]

[Event "Titled Tuesday Blitz August 09 Late 2022"]
[White "Ekdyshman, Mikhail"]
[Black "Paravyan, David"]
[WhiteFideId "4149416"]
[BlackFideId "4194985"]
[WhiteElo "2146"]
[BlackElo "2569"]
[Result "1/2-1/2"]
[Round "04"]
[TimeControl "180+1"]
[Date "2022.08.09"]
[WhiteClock "0:00:03"]
[BlackClock "0:00:03"]

1. e4 e5 2. Nf3 Nf6 3. Nc3 Nc6 4. d4 exd4 5. Nxd4 Bb4 6. Nxc6 bxc6 7. Bd3 O-O 8. O-O d5 9. exd5 Bg4 10. Ne2 cxd5 11. h3 Bh5 12. Bg5 h6 13. Bh4 Bd6 14. Qd2 c6 15. Rfe1 Rb8 16. b3 g5 17. Bxg5 hxg5 18. Qxg5+ Bg6 19. Bxg6 fxg6 20. Qxg6+ Kh8 21. Nd4 Qd7 22. Re6 Bc5 23. Rxf6 Bxd4 24. Qh5+ Kg8 25. Rg6+ Bg7 26. Re1 Rbe8 27. Rxe8 Qxe8 28. Qg4 Qf7 29. f4 Re8 30. f5 Kf8 31. Kh2 Be5+ 32. g3 Bf6 33. h4 Re4 34. Qh5 Bg7 35. Qg5 Re2+ 36. Kh3 Re5 37. Kg4 Re4+ 38. Kh3 Re5 39. Kg4 Re4+ 40. Kh3 Re5 1/2-1/2


[Site "https://www.chess.com"]

[Event "Titled Tuesday Blitz August 09 Late 2022"]
[White "Golubev, Mikhail"]
[Black "Wan, Joseph"]
[WhiteFideId "14100983"]
[BlackFideId "2069890"]
[WhiteElo "2374"]
[BlackElo "2198"]
[Result "0-1"]
[Round "04"]
[TimeControl "180+1"]
[Date "2022.08.09"]
[WhiteClock "0:00:01"]
[BlackClock "0:00:38"]

1. e4 e6 2. Nc3 d5 3. d4 Bb4 4. e5 c5 5. a3 Bxc3+ 6. bxc3 Ne7 7. a4 Qa5 8. Bd2 Nbc6 9. Nf3 Bd7 10. Bb5 c4 11. O-O O-O-O 12. Re1 f6 13. Qc1 Qc7 14. exf6 gxf6 15. Bf4 Qa5 16. Qa3 a6 17. Bxc6 Nxc6 18. Qd6 Rhe8 19. Rab1 e5 20. dxe5 Bg4 21. Qxf6 Bxf3 22. gxf3 Qxc3 23. Qxc6+ bxc6 24. e6 Qg7+ 25. Kf1 Qa7 26. Rb2 Rf8 27. Bg3 Rxf3 28. e7 Re8 29. Re6 Kd7 30. Rd6+ Kxe7 0-1


[Site "https://www.chess.com"]

[Event "Titled Tuesday Blitz August 09 Late 2022"]
[White "Goncalves, Davi Sulzbacher"]
[Black "Clarke, Brandon G I"]
[WhiteFideId "2154510"]
[BlackFideId "400319"]
[WhiteElo "2107"]
[BlackElo "2414"]
[Result "0-1"]
[Round "04"]
[TimeControl "180+1"]
[Date "2022.08.09"]
[WhiteClock "0:00:30"]
[BlackClock "0:00:23"]

1. d4 Nf6 2. c4 g6 3. Nf3 Bg7 4. g3 O-O 5. Bg2 d6 6. O-O c6 7. Nc3 Qa5 8. Qc2 Qh5 9. Re1 Bh3 10. Bh1 Nbd7 11. e4 Ng4 12. Qd3 e5 13. d5 Nc5 14. Qe2 cxd5 15. cxd5 f5 16. Ng5 fxe4 17. Ncxe4 Nxe4 18. Bxe4 Rxf2 19. Qxf2 Nxf2 20. Kxf2 Bf5 21. Bg2 Bh6 22. h4 Rf8 23. Kg1 Qg4 24. Kh2 Bd3 25. Be3 Bxg5 26. hxg5 Rf3 27. Bxf3 Qxf3 28. Bxa7 Be4 29. Rg1 Qh5# 0-1


[Site "https://www.chess.com"]

[Event "Titled Tuesday Blitz August 09 Late 2022"]
[White "Grischuk, Alexander"]
[Black "Iliaguev, Nisim"]
[WhiteFideId "4126025"]
[BlackFideId "2817276"]
[WhiteElo "2762"]
[BlackElo "2107"]
[Result "0-1"]
[Round "04"]
[TimeControl "180+1"]
[Date "2022.08.09"]
[WhiteClock "0:00:22"]
[BlackClock "0:01:09"]

1. e4 c5 2. Nc3 Nc6 3. Bb5 Nd4 4. Nf3 a6 5. Bd3 g6 6. O-O Bg7 7. Re1 d6 8. Nxd4 cxd4 9. Ne2 Bd7 10. b3 Nf6 11. Bb2 e5 12. c3 dxc3 13. dxc3 O-O 14. c4 b5 15. Ba3 Qb6 16. cxb5 axb5 17. Bb4 Rfc8 18. Qd2 d5 19. exd5 e4 20. Bc2 Ng4 21. Ng3 Nxf2 22. Kf1 Ng4 23. h3 Nh2+ 24. Ke2 e3 25. Qd3 Bxa1 26. Rxa1 Qf6 0-1


[Site "https://www.chess.com"]

[Event "Titled Tuesday Blitz August 09 Late 2022"]
[White "Gurevich, Dmitry"]
[Black "Hambleton, Aman"]
[WhiteFideId "2000407"]
[BlackFideId "2606577"]
[WhiteElo "2506"]
[BlackElo "2538"]
[Result "0-1"]
[Round "04"]
[TimeControl "180+1"]
[Date "2022.08.09"]
[WhiteClock "0:00:19"]
[BlackClock "0:00:06"]

1. d4 Nf6 2. c4 e6 3. Nf3 b6 4. g3 Ba6 5. b3 Bb7 6. Bg2 Bb4+ 7. Bd2 c5 8. O-O O-O 9. a3 Bxd2 10. Qxd2 cxd4 11. Qxd4 Nc6 12. Qf4 d5 13. Rd1 Qe7 14. Nc3 dxc4 15. Qxc4 Rac8 16. Qa4 Na5 17. Qb4 Qxb4 18. axb4 Nxb3 19. Rxa7 Bxf3 20. Bxf3 Rxc3 21. Rb7 e5 22. Rxb6 Nd4 23. Kg2 Nxf3 24. exf3 Rcc8 25. Re1 Rfe8 26. Rb5 e4 27. fxe4 Nxe4 28. Re2 Nf6 29. Rxe8+ Rxe8 30. Rb7 g6 31. Kf3 Re1 32. h4 h5 33. b5 Rb1 34. Kf4 Kg7 35. f3 Rb4+ 36. Ke5 Rb3 37. Kf4 Nd5+ 38. Ke5 Nc3 39. b6 Na4 40. Ra7 Nxb6 41. Kd4 Rxf3 42. Rb7 Rxg3 0-1


[Site "https://www.chess.com"]